 Dungeon Crawl Stone Soup version 0.30.0-5-g1a98f26d00 (webtiles) character file.

Game seed: 11364447434879555052

340 javelincjr the Trooper (level 6, -2/48 HPs)
             Began as a Djinni Fire Elementalist on May 12, 2023.
             Slain by Duvessa
             ... wielding a +2 short sword of protection
              (19 damage)
             ... on level 4 of the Dungeon.
             The game lasted 00:10:30 (2508 turns).

javelincjr the Trooper (Djinni Fire Elementalist)   Turns: 2508, Time: 00:10:32

Health: -2/48      AC:  2    Str:  9    XL:     6   Next: 87%
Gold:   191        EV: 13    Int: 17    God:
                   SH:  0    Dex: 13

rFire   + + +        s - +2 hand axe (elec)
rCold   x x .        (no shield)
rNeg    . . .        a - +0 robe
rPois   ∞            (no helmet)
rElec   .            (no cloak)
rCorr   .            (no gloves)
SInv    .            (boots unavailable)
Will    .....        r - amulet of the acrobat
Stlth   ++           o - ring of fire
HPRegen 0.28/turn    k - +4 ring of slaying
MPRegen 0.00/turn

%: acrobat, infuse magic (-3 HP)
@: flying
A: sickness immunity, fire resistance 2, cold vulnerability 1, float, innate
caster, HP casting, extra vitality 1
a: no special abilities


You were on level 4 of the Dungeon.
You visited 1 branch of the dungeon, and saw 4 of its levels.

You collected 191 gold pieces.

Inventory:

Hand Weapons
 g - a +0 hand axe
 s - a +2 hand axe of electrocution (weapon)
Missiles
 d - 4 javelins
Armour
 a - a +0 robe (worn)
Magical Staves
 u - a staff of cold
Jewellery
 b - a ring of willpower
 k - a +4 ring of slaying (right hand)
 o - a ring of fire (left hand)
 r - an amulet of the acrobat (around neck)
Scrolls
 e - 3 scrolls of noise {unknown}
 h - 2 scrolls of identify {unknown}
 j - 2 scrolls of enchant weapon {unknown}
 m - a scroll of fear {unknown}
 n - a scroll of torment {unknown}
 p - a scroll of enchant armour {unknown}
 q - a scroll of magic mapping {unknown}
 t - a scroll of vulnerability {unknown}
 w - a scroll of immolation
 y - a scroll of blinking {unknown}
Potions
 c - 5 potions of curing {unknown}
 f - a potion of magic {unknown}
 i - a potion of resistance {unknown}
 l - a potion of lignification {unknown}
 v - a potion of degeneration {unknown}
 x - a potion of might {unknown}


   Skills:
 * Level 4.3 Fighting
 + Level 4.0 Dodging
 - Level 1.6 Stealth
 + Level 3.4 Spellcasting


You knew the following spells:

 Your Spells              Type           Power      Damage    Failure   Level
a - Foxfire               Conj/Fire      84%        2x1d8     4%          1
b - Scorch                Fire           42%        2d7       6%          2
c - Volatile Blastmotes   Fire/Tloc      42%        2d13      12%         3
d - Inner Flame           Hex/Fire       21%        N/A       12%         3
e - Flame Wave            Conj/Fire      21%        2d8       38%         4
f - Sting                 Tmut/Pois      56%        1d5       4%          1
g - Static Discharge      Conj/Air       28%        2-4/arc   6%          2
Your spell library was empty.

Dungeon Overview and Level Annotations

Branches:
Dungeon (4/15)
 Temple: D:4-7

Altars:
Cheibriados

Annotations:
D:4 Duvessa


Innate Abilities, Weirdness & Mutations

You are immune to sickness and miasma.
You are immune to poison.
Your flesh is very heat resistant. (rF++)
You are vulnerable to cold. (rC-)
You float through the air rather than walking.
You learn spells naturally, not from books.
Your magical power is your life essence.
You have superior vitality. (+4 MHP)


Message History

Confirm with . or Enter, or press ? or * to list all spells.
You feel a surge of power!
Flames lash Dowan.
Dowan is burned terribly!
Dowan is severely wounded.
Duvessa, Sister of Dowan comes into view.
She is wielding a +2 short sword of protection.
Casting: Scorch (safe; 6% risk of failure)
Confirm with . or Enter, or press ? or * to list all spells.
You feel a surge of power!
Flames lash Dowan.
Dowan is burned terribly!
You kill Dowan!
Duvessa screams in rage.
Duvessa goes berserk!
Your Dodging skill increases to level 4!
Casting: Scorch (safe; 6% risk of failure)
Confirm with . or Enter, or press ? or * to list all spells.
You feel a surge of power!
Flames lash Duvessa.
Duvessa is lightly wounded.
Duvessa's fire resistance burns away.
Duvessa hits you but does no damage.
Casting: Scorch (safe; 6% risk of failure)
Confirm with . or Enter, or press ? or * to list all spells.
Aiming: Sting (safe; 4% risk of failure)
Press: ? - help, Shift-Dir - straight line, f - Duvessa
Aim: Duvessa, wielding a +2 short sword of protection and wearing a +0 leather armour (lightly wounded, berserk, more vulnerable to fire, 75% to hit)
The sting misses Duvessa.
Duvessa hits you with a +2 short sword of protection!
Casting: Sting (safe; 4% risk of failure)
Confirm with . or Enter, or press ? or * to list all spells.
Aiming: Inner Flame (dangerous; 12% risk of failure)
Press: ? - help, Dir - move target, f/p - Duvessa
Aim: Duvessa, wielding a +2 short sword of protection and wearing a +0 leather armour (lightly wounded, berserk, more vulnerable to fire, chance to affect: 61%)
You feel a surge of power!
Duvessa resists with significant effort.
Duvessa is no longer more vulnerable to fire.
Duvessa hits you with a +2 short sword of protection!
Duvessa barely misses you.
Casting: Inner Flame (dangerous; 12% risk of failure)
Confirm with . or Enter, or press ? or * to list all spells.
You feel a surge of power!
Flames lash Duvessa.
Duvessa is lightly wounded.
Duvessa's fire resistance burns away.
Duvessa hits you with a +2 short sword of protection!!
You die...

..######.
########....##.#
#......+........
#......#........ #
#####'####........
#..##.###....##....#..
#...e@........#...#...
#...#................#
#.. #.........#.#.#.#.
#. #.........#.......
# #..##.....##.#..#.
#..##.....###.#...
#....+......###..#.
#....#.....## ##...
#..... ###.


You could see Duvessa (berserk, combustible).

Vanquished Creatures
  A scorpion (D:4)
  Dowan (D:4)
  An iguana (D:4)
  A sleepcap (D:4)
  3 orc wizards
  2 adders (D:3)
  A worm (D:3)
  4 dart slugs
  4 orcs
  6 bats
  5 endoplasms
  4 giant cockroaches
  8 goblins
  4 hobgoblins
  A jackal (D:4)
  6 kobolds
  2 quokkas
  7 ball pythons
  4 frilled lizards (D:1)
  10 rats
75 creatures vanquished.

Vanquished Creatures (others)
  An orc (D:3)
  258 foxfires
259 creatures vanquished.

Grand Total: 334 creatures vanquished

Notes
Turn   | Place    | Note
-------+----------+-------------------------------------------
     0 | D:1      | javelincjr the Djinni Fire Elementalist began the quest for
                  | the Orb.
     0 | D:1      | javelincjr set off with the following spells memorised:
                  | Foxfire, Scorch, Volatile Blastmotes, Inner Flame, Flame
                  | Wave.
     0 | D:1      | Reached XP level 1. HP: 15/15 MP: 0/0
   118 | D:1      | Reached XP level 2. HP: 18/22 MP: 0/0
   148 | D:1      | Reached skill level 1 in Fighting
   390 | D:1      | Reached XP level 3. HP: 26/27 MP: 0/0
   390 | D:1      | Learned a level 1 spell: Sting
  1087 | D:2      | Reached XP level 4. HP: 30/33 MP: 0/0
  1608 | D:3      | Reached XP level 5. HP: 32/40 MP: 0/0
  1608 | D:3      | Learned a level 2 spell: Static Discharge
  1815 | D:3      | Found a faded altar of an unknown god.
  1964 | D:3      | Found a snail-covered altar of Cheibriados.
  2105 | D:4      | Reached XP level 6. HP: 41/46 MP: 0/0
  2501 | D:4      | Noticed Dowan
  2503 | D:4      | Noticed Duvessa
  2504 | D:4      | Killed Dowan
  2508 | D:4      | Slain by Duvessa

Illustrated notes

Levels and vault maps discovered:
D:1:      dpeg_arrival_ratfight, layout_loops_cross,
          corexii_item_surrounded_by_moat
D:2:      layout_basic
D:3:      layout_basic, chei_slow_surprise, hellmonk_ecumenical_altar_blasted
D:4:      layout_gridville, serial_shops, nicolae_shop_advertising_works
          [nicolae_subvault_shop_adworks], corexii_item_surrounded_by_moat,
          hangedman_decor_opposing, uniq_duvessa, uniq_grinder, uniq_eustachio

Skill      XL: |  1  2  3  4  5  6 |
---------------+-------------------+-----
Fighting       | 1 2 3 4 |  4.3
Dodging        | 3 4 |  4.0
Spellcasting   | 3 |  3.4
Stealth        | |  1.6

Action                     |  1- 3 |  4- 6 || total
---------------------------+-------+-------++-------
  Melee: Unarmed           |     3 |       ||     3
         Hand axe          |     5 |     4 ||     9
   Cast: Foxfire           |    87 |    76 ||   163
         Scorch            |       |    15 ||    15
         Static Discharge  |       |     3 ||     3
         Sting             |       |     1 ||     1
         Inner Flame       |       |     1 ||     1
 Armour: Robe              |     4 |     4 ||     8
  Dodge: Dodged            |     7 |    15 ||    22
